 Dungeon Crawl Stone Soup version 0.20.0-1-g1cb1d84 (webtiles) character file.

119 rodrick the Covered (level 4, -3/41 HPs)
             Began as a Minotaur Fighter on May 27, 2017.
             Slain by an orc wizard
             ... wielding a +0 dagger
              (4 damage)
             ... on level 3 of the Dungeon.
             The game lasted 00:03:36 (1770 turns).

rodrick the Covered (Minotaur Fighter)              Turns: 1770, Time: 00:03:37

Health: -3/41      AC: 10    Str: 26    XL:     4   Next: 74%
Magic:  3/3        EV: 13    Int:  5    God:
Gold:   80         SH:  0    Dex: 13    Spells: 3/3 levels left

rFire    . . .     SeeInvis .   a - +0 long sword
rCold    . . .     Gourm    .   c - +0 shield
rNeg     . . .     Faith    .   b - +0 scale mail
rPois    .         Spirit   .   (helmet restricted)
rElec    .         Reflect  .   q - +0 cloak
rCorr    .         Harm     .   (no gloves)
MR       .....                  (no boots)
Stlth    ..........             (no amulet)
Regen    0.2/turn               (no ring)
MPRegen  0.1/turn               (no ring)

@: confused, mighty, agile
A: retaliatory headbutt, horns 2, molten scales 1, clumsy 1
a: no special abilities


You were on level 3 of the Dungeon.
You were not hungry.

You visited 1 branch of the dungeon, and saw 3 of its levels.

You collected 80 gold pieces.

Inventory:

Hand Weapons
 a - a +0 long sword (weapon)
Armour
 b - a +0 scale mail (worn)
 c - a +0 shield (worn)
 q - a +0 cloak (worn)
Jewellery
 g - an uncursed ring of flight {unknown}
 o - a +4 ring of strength {unknown}
Scrolls
 h - 5 scrolls of remove curse {unknown}
 j - 6 scrolls of identify {unknown}
 k - a scroll of teleportation {unknown}
 r - 2 scrolls of recharging {unknown}
 t - a scroll of random uselessness {unknown}
Potions
 e - a potion of mutation
 p - a potion of haste {unknown}
 s - a potion of lignification {unknown}
Comestibles
 f - 3 bread rations
 i - 13 fruits
 m - 4 royal jellies
 u - a chunk of flesh


   Skills:
 + Level 4.5 Fighting
 + Level 3.6 Long Blades
 + Level 4.5 Armour
 + Level 1.0 Dodging
 + Level 4.3 Shields


You had 3 spell levels left.
You didn't know any spells.

Dungeon Overview and Level Annotations

Branches:
Dungeon (3/15)

Altars:


Innate Abilities, Weirdness & Mutations

You reflexively headbutt those who attack you in melee.
You have a pair of horns on your head.
You are partially covered in molten scales. (AC +2)
You are clumsy. (Dex -2)


Message History

* * * LOW HITPOINT WARNING * * *
You hit something but do no damage.
You hear some strange, mumbled words.
You are confused.
You feel very mighty all of a sudden.
You hear some strange, mumbled words.
A magic dart appears from out of thin air!
The magic dart hits you!
* * * LOW HITPOINT WARNING * * *
You bump into the rock wall.
You hear some strange, mumbled words.
A magic dart appears from out of thin air!
The magic dart hits you!
* * * LOW HITPOINT WARNING * * *
You bump into the rock wall.
Something hits you but does no damage.
You bump into the rock wall.
You hear some strange, mumbled words.
Something tries to affect you, but you resist.
You closely miss something. Something hits you.
You die...

####### #......
############.#####
####
#.................
...#
#.##########.####.
##.# #.# #......
#.#########
#@################
#.........#
#{#...............
#.........#
#o#.##############
#(........# #o#.#
..# #......)..#
#.#.# ###.#
#.........# #.#.#
#.#.########
#.........###
#.#.# #...........
#.<..........
..#.###.#.########
#.###.#######
#.#...#.#


You could see 2 orcs.

Vanquished Creatures
  An orc priest (D:3)
  2 adders (D:2)
  A worm (D:2)
  4 dart slugs
  A leopard gecko (D:2)
  4 orcs (D:3)
  A ball python (D:1)
  6 giant cockroaches
  5 goblins
  10 hobgoblins
  3 jackals (D:1)
  5 bats
  2 frilled lizards
  5 kobolds
  2 rats
52 creatures vanquished.

Notes
Turn   | Place    | Note
-------+----------+-------------------------------------------
     0 | D:1      | rodrick the Minotaur Fighter began the quest for the Orb.
     0 | D:1      | Reached XP level 1. HP: 19/19 MP: 0/0
    44 | D:1      | Reached XP level 2. HP: 26/27 MP: 1/1
   493 | D:2      | Reached XP level 3. HP: 27/33 MP: 2/2
   989 | D:2      | Reached XP level 4. HP: 34/40 MP: 3/3
  1736 | D:3      | Reached skill level 1 in Dodging
  1757 | D:3      | Gained mutation: You are clumsy. (Dex -2) [potion of mutation]
  1757 | D:3      | Gained mutation: You are partially covered in molten scales. (AC +2) [potion of mutation]
  1767 | D:3      | HP: 1/41 [something/magic dart (5)]
  1770 | D:3      | Slain by an orc wizard

Skill      XL: |  1  2  3  4 |
---------------+-------------+-----
Armour         | 4 |  4.5
Fighting       | 4 |  4.5
Shields        | 4 |  4.3
Long Blades    | 3 |  3.6
Dodging        | 1 |  1.0

Action                   |  1- 3 |  4- 6 || total
-------------------------+-------+-------++-------
Melee: Long sword        |    78 |    58 ||   136
       Headbutt          |    16 |     9 ||    25
  Use: Potion            |       |     4 ||     4
  Eat: Chunk             |       |     3 ||     3
Armor: Scale mail        |    44 |    29 ||    73
Dodge: Dodged            |    29 |     5 ||    34
Block: Shield            |    44 |    13 ||    57
       Rpst.: Long sword |     9 |     3 ||    12
